 Dungeon Crawl Stone Soup version 0.24.0-37-gcf1ca852f1 (webtiles) character file.

Game seed: 17062035822288629230, levelgen mode: deterministic

2619 FishyPogo the Magician (level 9, -7/70 HPs)
             Began as a Gnoll Skald on Dec 1, 2019.
             Was a Priest of Sif Muna.
             Mangled by an ice beast (12 damage)
             ... on level 7 of the Dungeon.
             The game lasted 00:30:11 (5681 turns).

FishyPogo the Magician (Gnoll Skald)                Turns: 5681, Time: 00:30:14

Health: -7/70      AC: 11    Str: 16    XL:     9   Next: 60%
Magic:  1/19       EV: 20    Int: 17    God:    Sif Muna [***...]
Gold:   323        SH:  0    Dex: 19    Spells: 3/21 levels left

rFire    + + .     SeeInvis .   b - +4 club
rCold    . . .     Gourm    .   (no shield)
rNeg     . . .     Faith    .   M - +1 ring mail {rF+}
rPois    .         Spirit   .   O - +0 helmet
rElec    .         Reflect  .   (no cloak)
rCorr    .         Harm     .   (no gloves)
MR       +....                  u - +2 pair of boots
Stlth    +++.......             (no amulet)
HPRegen  1.21/turn              p - ring of protection from fire
MPRegen  0.16/turn              E - ring of protection from magic

@: agile, singing, regenerating
A: distributed training, fangs 1, strong nose
a: Channel Magic, Forget Spell, Renounce Religion


You were on level 7 of the Dungeon.
You worshipped Sif Muna.
Sif Muna was most pleased with you.
You were very hungry.

You visited 1 branch of the dungeon, and saw 7 of its levels.

You collected 323 gold pieces.

Inventory:

Hand Weapons
 b - a +4 club (weapon)
 L - a +2 flail of holy wrath
Missiles
 h - 209 stones
 i - 6 datura-tipped darts
 y - 11 poisoned darts (quivered)
 B - a throwing net
 D - 8 boomerangs
 I - 5 atropa-tipped darts
Armour
 m - a +3 leather armour of cold resistance
 u - a +2 pair of boots (worn)
 M - a +1 ring mail of fire resistance (worn)
 O - a +0 helmet (worn)
Magical Staves
 A - an uncursed staff of cold
Jewellery
 p - a ring of protection from fire (left hand)
 E - a ring of protection from magic (right hand)
 J - an uncursed ring of stealth
Wands
 l - a wand of acid (12)
 C - a wand of polymorph (2)
Scrolls
 f - 3 scrolls of fear {unknown}
 g - a scroll of fog {unknown}
 o - 2 scrolls of remove curse
 q - 3 scrolls of teleportation
 r - 2 scrolls of blinking {unknown}
 v - 3 scrolls of amnesia
 x - 2 scrolls of noise {unknown}
 G - 2 scrolls of enchant armour {unknown}
Potions
 a - 3 potions of curing
 j - a potion of might
 k - a potion of mutation
 n - a potion of magic
 t - 2 potions of invisibility
 w - a potion of heal wounds
 F - a potion of brilliance
 K - a potion of ambrosia
Comestibles
 d - 12 rations


   Skills:
 + Level 6.3 Fighting
 + Level 6.3 Short Blades
 + Level 4.3 Long Blades
 + Level 4.3 Axes
 + Level 4.3 Maces & Flails
 + Level 4.3 Polearms
 + Level 4.3 Staves
 + Level 4.3 Slings
 + Level 4.3 Bows
 + Level 4.3 Crossbows
 + Level 4.3 Throwing
 + Level 5.1 Armour
 + Level 6.3 Dodging
 + Level 4.3 Stealth
 + Level 4.3 Shields
 + Level 4.3 Unarmed Combat
 + Level 6.7 Spellcasting
 + Level 3.5 Conjurations
 + Level 3.5 Hexes
 + Level 6.6 Charms
 + Level 3.5 Summonings
 + Level 3.5 Necromancy
 + Level 3.5 Translocations
 + Level 3.5 Transmutations
 + Level 3.5 Fire Magic
 + Level 3.5 Ice Magic
 + Level 3.5 Air Magic
 + Level 3.5 Earth Magic
 + Level 3.5 Poison Magic
 + Level 4.7 Invocations
 + Level 4.3 Evocations


You had 3 spell levels left.
You knew the following spells:

 Your Spells              Type           Power        Failure   Level  Hunger
a - Magic Dart            Conj           ###.         4%          1    None
c - Mephitic Cloud        Conj/Pois/Air  ###.....     16%         3    ##.....
h - Regeneration          Chrm/Necr      ###.......   8%          3    ##.....
j - Conjure Flame         Conj/Fire      ###.....     16%         3    ##.....
n - Spectral Weapon       Hex/Chrm       ###.....     8%          3    ##.....
p - Shroud of Golubria    Chrm/Tloc      ###...       4%          2    None
u - Song of Slaying       Chrm           ####....     2%          2    None
y - Infusion              Chrm           ####         1%          1    None

Your spell library contained the following spells:

 Spells                   Type           Power        Failure   Level  Hunger
 Blink                    Tloc           N/A          8%          2    None
 Call Imp                 Summ           ###.....     8%          2    None
 Slow                     Hex            ###.....     8%          2    None


Dungeon Overview and Level Annotations

Branches:
Dungeon (7/15)
 Temple: D:4-7

Altars:
Dithmenos
Fedhas
Hepliaklqana
Okawaru
Ru
Sif Muna
Yredelemnul
The Shining One

Annotations:
D:3 1 runed translucent door, Crazy Yiuf


Innate Abilities, Weirdness & Mutations

Your experience applies equally to all skills.
You have very sharp teeth.
Your uncanny sense of smell can sniff out nearby items.


Message History

Found 17 stones.
You hear a bark!
Things that are here:
a +0 dagger; an orc corpse The hound barks!
The hound barely misses you. The hound bites you but does no damage.
Items here: )) [ † a +0 hand axe; a +0 dagger; a +0 robe; a bullfrog corpse You hit the hound.
The hound is moderately wounded.
The hound completely misses you. The ice beast barely misses you.
The hound completely misses you.
Casting: Song of Slaying (safe; 2% risk of failure)
Confirm with . or Enter, or press ? or * to list all spells.
Your skin crawls.
You are feeling very hungry.
The hound completely misses you. The ice beast hits you.
* * * LOW HITPOINT WARNING * * *
The ice beast freezes you!
You die...

##..# #.....##...#....# #
..# ##..#
###.....)....>..##
##.####.#...).##......##
....##......)###..)$...#
..........##...#.#.[......
...........#..##lZo.......#
...........###.#)o##.......
.#...........##hY##........
.#.<.#....##..##@..........
.##..#...##....#..#.....(.
.##......#._...##..#..... #
.......##....# .## .#
##.......##..## ##
##.........## ∆ ...##...###


You could see an orc warrior, an ice beast, an iguana, a hound, an orc and a
quokka zombie.

Vanquished Creatures
  Eustachio (D:5)
  A hungry ghost (D:7)
  Menkaure (D:6)
  Edmund (D:6)
  2 orc warriors
  2 ice beasts (D:6)
  3 sky beasts
  A necrophage (D:6)
  A phantom (D:5)
  2 ogres
  A big kobold (D:5)
  4 bullfrogs
  3 crimson imps
  3 hounds
  A bullfrog zombie (D:6)
  2 orc priests
  A bullfrog skeleton (D:4)
  Jessica (D:2)
  2 iguanas
  6 orc wizards
  5 worker ants
  2 hound zombies (D:6)
  A worker ant zombie (D:6)
  Robin (D:2)
  6 adders
  An ooze (D:1)
  An adder skeleton (D:6)
  5 worms
  A dart slug (D:1)
  2 leopard geckos
  12 orcs
  5 bats
  3 giant cockroaches
  13 goblins
  10 hobgoblins
  4 jackals (D:6)
  27 kobolds
  4 quokkas
  A ball python (D:3)
  12 frilled lizards
  A leopard gecko skeleton (D:4)
  7 rats
  A butterfly (D:7)
  A plant (D:5)
165 creatures vanquished.

Vanquished Creatures (collateral kills)
  An orc (D:7)
  A quokka (D:4)
2 creatures vanquished.

Vanquished Creatures (others)
  2 plants (D:5)
  4 spectral weapons
6 creatures vanquished.

Grand Total: 173 creatures vanquished

Notes
Turn   | Place    | Note
-------+----------+-------------------------------------------
     0 | D:1      | FishyPogo the Gnoll Skald began the quest for the Orb.
     0 | D:1      | Reached XP level 1. HP: 20/20 MP: 6/6
   442 | D:1      | Reached XP level 2. HP: 26/26 MP: 3/7
   454 | D:1      | Learned a level 2 spell: Song of Slaying
   457 | D:1      | Learned a level 2 spell: Shroud of Golubria
   854 | D:2      | Noticed Jessica
  1038 | D:2      | Found a basalt altar of Yredelemnul.
  1061 | D:2      | Found a shimmering blue altar of Sif Muna.
  1072 | D:2      | Became a worshipper of Sif Muna the Loreminder
  1115 | D:2      | Noticed Robin
  1123 | D:2      | Reached XP level 3. HP: 31/31 MP: 2/9
  1127 | D:2      | Reached skill level 5 in Spellcasting
  1135 | D:2      | Killed Robin
  1135 | D:2      | Reached skill level 1 in Invocations
  1147 | D:2      | Reached skill level 1 in Long Blades
  1147 | D:2      | Reached skill level 1 in Axes
  1147 | D:2      | Reached skill level 1 in Maces & Flails
  1147 | D:2      | Reached skill level 1 in Polearms
  1147 | D:2      | Reached skill level 1 in Staves
  1147 | D:2      | Reached skill level 1 in Slings
  1147 | D:2      | Reached skill level 1 in Bows
  1147 | D:2      | Reached skill level 1 in Crossbows
  1147 | D:2      | Reached skill level 1 in Throwing
  1147 | D:2      | Reached skill level 1 in Stealth
  1147 | D:2      | Reached skill level 1 in Shields
  1147 | D:2      | Reached skill level 1 in Unarmed Combat
  1147 | D:2      | Reached skill level 1 in Evocations
  1159 | D:2      | Reached XP level 4. HP: 14/38 MP: 1/11
  1245 | D:2      | Learned a level 3 spell: Regeneration
  1249 | D:2      | Learned a level 3 spell: Spectral Weapon
  1380 | D:2      | Killed Jessica
  1405 | D:2      | Found an iron altar of Okawaru.
  1552 | D:1      | Reached skill level 1 in Conjurations
  1552 | D:1      | Reached skill level 1 in Hexes
  1552 | D:1      | Reached skill level 1 in Summonings
  1552 | D:1      | Reached skill level 1 in Necromancy
  1552 | D:1      | Reached skill level 1 in Translocations
  1552 | D:1      | Reached skill level 1 in Transmutations
  1552 | D:1      | Reached skill level 1 in Fire Magic
  1552 | D:1      | Reached skill level 1 in Ice Magic
  1552 | D:1      | Reached skill level 1 in Air Magic
  1552 | D:1      | Reached skill level 1 in Earth Magic
  1552 | D:1      | Reached skill level 1 in Poison Magic
  2104 | D:3      | Reached XP level 5. HP: 20/43 MP: 6/12
  2108 | D:3      | Reached * piety under Sif Muna
  2139 | D:3      | Learned a level 3 spell: Mephitic Cloud
  2361 | D:3      | Found a sacrificial altar of Ru.
  2427 | D:3      | Found a runed translucent door.
  2428 | D:3      | Noticed Crazy Yiuf
  2758 | D:4      | Noticed an ogre
  2788 | D:4      | Killed an ogre
  2788 | D:4      | Reached XP level 6. HP: 50/50 MP: 9/13
  2916 | D:4      | Found a glowing golden altar of the Shining One.
  2947 | D:4      | Learned a level 1 spell: Magic Dart
  3169 | D:4      | Reached skill level 5 in Fighting
  3169 | D:4      | Reached skill level 5 in Short Blades
  3169 | D:4      | Reached skill level 5 in Dodging
  3511 | D:5      | Entered Level 5 of the Dungeon
  3511 | D:5      | Found a hazy altar of Hepliaklqana.
  3511 | D:5      | Noticed a sky beast
  3520 | D:5      | Noticed a phantom
  3527 | D:5      | Killed a sky beast
  3527 | D:5      | Reached XP level 7. HP: 54/56 MP: 4/15
  3540 | D:5      | Reached ** piety under Sif Muna
  3650 | D:6      | Found a blossoming altar of Fedhas.
  3654 | D:6      | Noticed Edmund
  4056 | D:5      | Noticed Eustachio
  4137 | D:5      | Killed Eustachio
  4137 | D:5      | Reached XP level 8. HP: 36/63 MP: 3/16
  4799 | D:6      | Learned a level 3 spell: Conjure Flame
  4829 | D:6      | Reached *** piety under Sif Muna
  4913 | D:6      | Reached XP level 9. HP: 57/69 MP: 12/18
  5457 | D:6      | Killed Edmund
  5505 | D:6      | Noticed Menkaure
  5535 | D:6      | Killed Menkaure
  5568 | D:7      | Reached skill level 5 in Armour
  5579 | D:7      | Found a shadowy altar of Dithmenos.
  5681 | D:7      | Mangled by an ice beast

Levels and vault maps discovered:
D:1:      minmay_arrival_radiant_lines, layout_loops_ring
D:2:      layout_basic, led_sif_pool, kennysheep_okawaru_gauntlet,
          lemuel_doored_altar, first_ration, uniq_jessica, uniq_robin
D:3:      layout_loops_ring, nicolae_ru_great_annihilating_truth,
          minmay_lizard_king, uniq_crazy_yiuf_cottage
D:4:      layout_basic, lemuel_crystal_altar, kennysheep_generic_room_8
D:5:      kennysheep_kobold_camp, layout_cave_pools, serial_column_ruins,
          column_ruins_hut, column_ruins_columns_T, column_ruins_open_large,
          column_ruins_open_small, column_ruins_corridor_dead_end,
          column_ruins_open_tiny, basic_altar, minmay_misc_feat_tower,
          uniq_eustachio
D:6:      layout_basic, basic_altar, st_stairs_7, uniq_edmund, uniq_menkaure
D:7:      gammafunk_wand_slinger, layout_cave_pools,
          nicolae_dithmenos_through_a_glass_darkly,
          minmay_temple_entry_butterflies

Skill      XL: |  1  2  3  4  5  6  7  8  9 |
---------------+----------------------------+-----
Spellcasting   | 5 6 |  6.7
Invocations    | 1 2 3 4 |  4.7
Long Blades    | 1 2 3 4 |  4.3
Axes           | 1 2 3 4 |  4.3
Maces & Flails | 1 2 3 4 |  4.3
Polearms       | 1 2 3 4 |  4.3
Staves         | 1 2 3 4 |  4.3
Slings         | 1 2 3 4 |  4.3
Bows           | 1 2 3 4 |  4.3
Crossbows      | 1 2 3 4 |  4.3
Throwing       | 1 2 3 4 |  4.3
Stealth        | 1 2 3 4 |  4.3
Shields        | 1 2 3 4 |  4.3
Unarmed Combat | 1 2 3 4 |  4.3
Evocations     | 1 2 3 4 |  4.3
Conjurations   | 1 2 3 |  3.5
Hexes          | 1 2 3 |  3.5
Summonings     | 1 2 3 |  3.5
Necromancy     | 1 2 3 |  3.5
Translocations | 1 2 3 |  3.5
Transmutations | 1 2 3 |  3.5
Fire Magic     | 1 2 3 |  3.5
Ice Magic      | 1 2 3 |  3.5
Air Magic      | 1 2 3 |  3.5
Earth Magic    | 1 2 3 |  3.5
Poison Magic   | 1 2 3 |  3.5
Armour         | 3 4 5 |  5.1
Fighting       | 5 6 |  6.3
Short Blades   | 5 6 |  6.3
Dodging        | 5 6 |  6.3
Charms         | 6 |  6.6

Action                   |  1- 3 |  4- 6 |  7- 9 || total
-------------------------+-------+-------+-------++-------
Melee: Short sword       |    96 |     3 |       ||    99
       Bite              |     8 |    13 |    49 ||    70
       Club              |       |   134 |   379 ||   513
       Punch             |       |     1 |     7 ||     8
Throw: Stone             |     2 |    14 |       ||    16
       Dart              |       |     5 |     3 ||     8
 Cast: Infusion          |     2 |     3 |     8 ||    13
       Song of Slaying   |     3 |     7 |     6 ||    16
       Shroud of Golubri |     1 |     1 |     6 ||     8
       Spectral Weapon   |       |     7 |    18 ||    25
       Mephitic Cloud    |       |     5 |     6 ||    11
       Regeneration      |       |     2 |    10 ||    12
       Magic Dart        |       |    15 |    18 ||    33
       Conjure Flame     |       |       |     3 ||     3
Invok: Channel Magic     |       |       |     1 ||     1
  Use: Scroll            |       |     1 |    10 ||    11
       Potion            |       |       |     6 ||     6
 Stab: Sleeping          |       |     3 |     1 ||     4
       Confused          |       |     6 |     1 ||     7
       Paralysed         |       |     1 |       ||     1
       Distracted        |       |     2 |     3 ||     5
       Invisible         |       |       |     1 ||     1
  Eat: Chunk             |     1 |     7 |     9 ||    17
       Ration            |       |       |     1 ||     1
Armor: Leather armour    |    15 |    27 |   120 ||   162
       Ring mail         |       |       |    12 ||    12
Dodge: Dodged            |    50 |    93 |   408 ||   551
